Map: Acid Plant LE

Players

Astrydax - Winner!

  • Race: Terran Terran
  • League: Platinum
  • Spawn Location: 11:00

Kozzy

  • Race: Protoss Protoss
  • League: Gold
  • Spawn Location: 5:00

VOD

Have the link to the VOD?

Description

Time

  • Played on: April 4, 2018, 5:11 a.m.
  • Length: 9:33
Show
View Real Time Build Order
Export as new Build Order

Astrydax Terran - Winner!

Build Orders: MMM Bio 

Get SALT Encoding   

  12  0:02  SCV  
  13  0:14  SCV  
  14  0:25  Supply Depot  
  14  0:26  SCV  
  15  0:50  SCV  
  16  1:00  Barracks  
  16  1:02  SCV  
  17  1:07  Refinery  
  17  1:14  SCV  
  18  1:18  Refinery  
  18  1:32  SCV  
  19  1:49  Reaper  
  20  1:59  SCV  
  21  2:04  Supply Depot  
  21  2:31  Supply Depot  
  21  2:36  Factory  
  20  2:47  SCV  
  21  2:58  Barracks Tech Lab  
  21  2:59  SCV  
  21  3:02  Command Center  
  22  3:24  Factory Tech Lab  
  22  3:29  SCV  
  22  3:30  Marine  
  22  3:33  Starport  
  22  3:34  Concussive Shells  
  24  3:41  SCV  
  25  3:46  Barracks  
  25  3:47  Barracks  
  25  3:53  SCV  
  26  4:02  Marauder  
  28  4:06  SCV  
  29  4:13  Siege Tank  
  32  4:21  SCV  
  32  4:22  SCV  
  34  4:26  Marauder  
  34  4:28  Starport Reactor  
  36  4:36  Barracks Reactor x2  
  36  4:44  Barracks Tech Lab  
  33  5:06  Bunker  
  33  5:09  Marauder  
  33  5:13  Stimpack, Combat Shields  
  35  5:15  Marauder  
  35  5:17  Marine  
  35  5:20  SCV  
  39  5:22  SCV  
  40  5:30  Marauder  
  40  5:33  Engineering Bay  
  42  5:36  Marauder  
  42  5:39  Engineering Bay  
  41  5:52  Siege Tank  
  41  5:56  Marine x2  
  46  5:57  Marine  
  47  6:09  Bunker, Terran Infantry Weapons Level 1  
  47  6:11  Terran Infantry Armor Level 1  
  47  6:13  SCV  
  47  6:38  Marauder x2  
  47  6:39  Siege Tank  
  54  6:45  Supply Depot  
  54  6:46  Supply Depot  
  54  6:55  SCV  
  54  6:58  Armory  
  55  7:09  Orbital Command x2  
  54  7:30  Marauder x2  
  55  7:44  Siege Tank  
  58  7:45  Medivac x2  
  54  8:01  Marauder  
  54  8:03  Marine  
  54  8:04  Marine x2  
  59  8:08  SCV x2, Refinery x2  
  61  8:20  SCV  
  61  8:21  Marine  
  61  8:26  Liberator  
  49  8:51  Marauder  
  49  8:52  Marauder  
Show
View Real Time Build Order
Export as new Build Order

Kozzy Protoss 

Build Orders:  

Get SALT Encoding   

  12  0:02  Probe  
  13  0:14  Probe  
  13  0:21  Pylon  
  14  0:26  Probe  
  15  0:39  Probe (Chrono Boost), Gateway  
  16  0:45  Assimilator  
  16  0:51  Probe (Chrono Boost)  
  17  0:58  Probe (Chrono Boost)  
  17  1:01  Assimilator  
  18  1:10  Probe (Chrono Boost)  
  19  1:21  Probe (Chrono Boost)  
  20  1:26  Probe (Chrono Boost)  
  21  1:37  Probe  
  22  1:49  Probe  
  23  1:55  Cybernetics Core  
  23  2:01  Pylon  
  23  2:16  Pylon  
  23  2:19  Probe  
  23  2:21  Gateway  
  24  2:36  Stalker (Chrono Boost)  
  23  2:41  Warp Gate  
  24  2:47  Shield Battery  
  25  2:51  Probe, Forge  
  25  2:53  Pylon  
  25  2:58  Shield Battery  
  25  3:05  Stalker  
  27  3:20  Gateway  
  27  3:22  Pylon  
  27  3:24  Stalker  
  29  3:34  Protoss Ground Weapons Level 1 (Chrono Boost)  
  29  3:35  Stalker  
  31  4:05  Stalker x2  
  35  4:23  Pylon  
  33  4:58  Gateway  
  33  5:05  Stalker x3  
  39  5:16  Pylon  
  35  5:48  Gateway  
  35  5:50  Stalker x3  
  41  5:58  Stalker  
  43  6:17  Stalker x2  
  43  6:18  Stalker  
  49  6:22  Stalker  
  51  6:31  Twilight Council  
  51  6:41  Stalker  
  51  6:42  Stalker x2  
  57  7:03  Blink (Chrono Boost)  
  57  7:05  Protoss Ground Weapons Level 2 (Chrono Boost)  
  57  7:12  Stalker  
  59  7:22  Stalker  
  53  7:37  Stalker  
  43  7:59  Stalker x3  
  49  8:09  Stalker  
  51  8:18  Stalker  
  45  8:41  Stalker x2  
  41  8:48  Stalker  
  33  9:20  Stalker x3  
  31  9:28  Stalker  
Tags
 
Composition
MMM Bio
Matchup
PvT
Spawn Locations
Cross Positions
Add a new tag
Caveats
  • Supply blocks, unpowered buildings, or Contaminate may cause inaccurate times.
  • Supply counts are checked every 10 seconds.